 Dungeon Crawl Stone Soup version 0.22.1-1-ga44c0e5 (webtiles) character file.

1900 Lauz the Cleaver (level 8, 0/71 HPs)
             Began as a Minotaur Berserker on Oct 30, 2018.
             Was an Elder of Trog.
             Hit by a stone thrown by a skeletal warrior (9 damage)
             ... led by a skeletal warrior
             ... on level 7 of the Dungeon.
             The game lasted 00:19:54 (6463 turns).

Lauz the Cleaver (Minotaur Berserker)               Turns: 6463, Time: 00:19:55

Health: 0/71       AC:  5    Str: 25    XL:     8   Next: 93%
Magic:  7/7        EV: 13    Int:  4    God:    Trog [****..]
Gold:   214        SH:  0    Dex:  9    Spells: 7/7 levels left

rFire    + . .     SeeInvis .   a - +0 hand axe
rCold    + . .     Gourm    .   (no shield)
rNeg     . . .     Faith    .   A - +2 leather armour {rC+}
rPois    .         Spirit   .   (helmet restricted)
rElec    .         Reflect  .   (no cloak)
rCorr    +         Harm     .   (no gloves)
MR       .....                  (no boots)
Stlth    +.........             (no amulet)
HPRegen  0.21/turn              f - ring of resist corrosion
MPRegen  0.10/turn              v - ring of protection from fire

@: no status effects
A: retaliatory headbutt, horns 2
a: Berserk, Trog's Hand, Brothers in Arms, Renounce Religion


You were on level 7 of the Dungeon.
You worshipped Trog.
Trog was greatly pleased with you.
You were not hungry.

You visited 1 branch of the dungeon, and saw 8 of its levels.

You collected 214 gold pieces.

Inventory:

Hand Weapons
 a - a +0 hand axe (weapon)
Missiles
 q - 7 needles of sleeping
Armour
 A - a +2 leather armour of cold resistance (worn)
Jewellery
 f - a ring of resist corrosion (left hand)
 g - a +2 ring of intelligence
 v - a ring of protection from fire (right hand)
 w - an uncursed amulet of faith {unknown}
Wands
 o - a wand of polymorph (35)
Scrolls
 b - a scroll of acquirement {unknown}
 d - 3 scrolls of magic mapping
 e - a scroll of identify
 j - 3 scrolls of teleportation
 l - 2 scrolls of amnesia
 y - a scroll of enchant armour {unknown}
 z - a scroll of immolation {unknown}
Potions
 h - a potion of haste {unknown}
 i - a potion of curing {unknown}
 k - 3 potions of berserk rage
 m - a potion of resistance {unknown}
 n - a potion of lignification {unknown}
 p - a potion of magic {unknown}
 r - a potion of cancellation {unknown}
 s - a potion of degeneration {unknown}
 t - a potion of flight {unknown}
 u - 2 potions of agility {unknown}
 x - a potion of mutation {unknown}
 B - a potion of invisibility {unknown}
Comestibles
 c - 9 rations


   Skills:
 + Level 6.8 Fighting
 * Level 11.6 Axes
 * Level 4.6 Armour
 + Level 3.6 Dodging
 - Level 1.0 Stealth
 - Level 0.1 Unarmed Combat


You had 7 spell levels left.
You didn't know any spells.
Your spell library was empty.

Dungeon Overview and Level Annotations

Branches:
Dungeon (8/15)             Temple (0/1) D:4
   Lair: D:8-11

Altars:
Ashenzari
Elyvilon
Kikubaaqudgha
Makhleb
Okawaru
Qazlal
Ru
Trog
Uskayaw
Vehumet
Zin
The Shining One


Innate Abilities, Weirdness & Mutations

You reflexively headbutt those who attack you in melee.
You have a pair of horns on your head.


Message History

You feel your anger nearly subside.
You are no longer berserk.
You are exhausted.
You feel yourself slow down.
There is a stone staircase leading up here.
The orc wizard gestures at you while chanting.
You climb upwards.
There is a stone staircase leading down here.
You eat one of the 10 rations.
That ration really hit the spot!
You start resting.
You feel yourself speed up.
You start resting.
You recover from your berserk rage.
You start resting.
The skeletal warrior is too close now for your liking.
The skeletal warrior hits you from afar with a trident!!
The skeletal warrior throws a stone.
The stone hits you!!
* * * LOW HITPOINT WARNING * * *
There is a stone staircase leading down, spattered with blood here.
The skeletal warrior throws a stone.
The stone hits you!
You die...

########..........#
#...... #...._.....#
#...... #..........> #.
..(...###...##### #.
......#E#..†#E#..
#.##.##..###...###.#
#..#.##....##.......
#####.#.#.......#.###.#
#.....@.z....<.........
##.###...#.........###..
#....#.....#.......#
#....##...........## #
#..........z..........
##.....#.###.z.z#.#####
#......#.....#.z....
##.....#..............
#.....#.##.......##..


You could see 5 skeletal warriors.

Vanquished Creatures
  A slime creature (D:7)
  Eustachio (D:6)
  A hungry ghost (D:7)
  2 ice beasts
  The ghost of Defined the Charmwright, an amateur DgSk (D:4)
  A bullfrog (D:8)
  A scorpion (D:4)
  A wyvern skeleton (D:6)
  4 howler monkeys
  4 crimson imps
  A jelly (D:7)
  A centaur skeleton (D:4)
  2 hounds (D:7)
  A bullfrog skeleton (D:7)
  An iguana (D:5)
  Natasha (thrice) (D:2)
  2 orc wizards
  5 worker ants
  A statue (D:6)
  Robin (D:2)
  A howler monkey skeleton (D:6)
  3 gnolls (D:2)
  9 adders
  2 shadow imps (D:7)
  2 oozes
  2 worms
  3 dart slugs
  7 leopard geckos
  16 orcs
  4 giant cockroaches
  14 hobgoblins
  4 jackals (D:4)
  8 kobolds
  5 quokkas
  2 ball pythons
  10 bats
  10 frilled lizards
  14 goblins
  A leopard gecko skeleton (D:4)
  A quokka zombie (D:5)
  9 rats
162 creatures vanquished.

Notes
Turn   | Place    | Note
-------+----------+-------------------------------------------
     0 | D:1      | Lauz the Minotaur Berserker began the quest for the Orb.
     0 | D:1      | Reached XP level 1. HP: 19/19 MP: 0/0
   405 | D:1      | Reached XP level 2. HP: 23/27 MP: 1/1
   419 | D:1      | Reached skill level 4 in Axes
   753 | D:1      | Reached XP level 3. HP: 28/34 MP: 2/2
  1089 | D:2      | Noticed Robin
  1094 | D:2      | Reached ** piety under Trog
  1109 | D:2      | Killed Robin
  1109 | D:2      | Reached skill level 5 in Axes
  1387 | D:2      | Reached XP level 4. HP: 20/41 MP: 3/3
  1446 | D:2      | Noticed Natasha
  1567 | D:2      | Killed Natasha
  1605 | D:2      | Noticed Natasha
  1612 | D:2      | Killed Natasha
  1653 | D:2      | Reached skill level 6 in Axes
  1670 | D:2      | Reached XP level 5. HP: 47/47 MP: 4/4
  2024 | D:2      | Noticed Natasha
  2035 | D:2      | Killed Natasha
  2035 | D:2      | Reached skill level 5 in Fighting
  2035 | D:2      | Reached skill level 7 in Axes
  2226 | D:2      | You fall through a shaft!
  2233 | D:3      | Reached *** piety under Trog
  2412 | D:3      | Reached XP level 6. HP: 56/56 MP: 5/5
  2793 | D:4      | Found a runed door.
  2813 | D:4      | Noticed Defined's ghost (amateur DgSk)
  2838 | D:4      | Killed Defined's ghost
  2838 | D:4      | Reached skill level 8 in Axes
  2838 | D:4      | Reached skill level 1 in Stealth
  2969 | D:4      | Reached XP level 7. HP: 28/61 MP: 6/6
  3184 | D:4      | Found a staircase to the Ecumenical Temple.
  3223 | D:4      | Reached **** piety under Trog
  3684 | D:5      | Entered Level 5 of the Dungeon
  3819 | D:5      | Reached skill level 9 in Axes
  4044 | D:5      | Found a bloodstained altar of Trog.
  4263 | D:5      | Found an ancient bone altar of Kikubaaqudgha.
  4637 | D:6      | Found a radiant altar of Vehumet.
  4706 | D:6      | Noticed Eustachio
  4723 | D:6      | Killed Eustachio
  4844 | D:6      | Reached XP level 8. HP: 62/70 MP: 7/7
  4890 | D:6      | Reached skill level 10 in Axes
  5250 | D:6      | Found a burning altar of Makhleb.
  5414 | D:6      | Found an iron altar of Okawaru.
  5547 | D:7      | Found a sacrificial altar of Ru.
  5547 | D:7      | Found a hide-covered altar of Uskayaw.
  5547 | D:7      | Found a white marble altar of Elyvilon.
  5547 | D:7      | Found a shattered altar of Ashenzari.
  5596 | D:7      | Noticed a two-headed ogre
  5598 | D:7      | Noticed a slime creature
  5598 | D:7      | a two-headed ogre changed into a slime creature
  5608 | D:7      | Killed a slime creature
  5835 | D:7      | Found a glowing golden altar of the Shining One.
  5911 | D:7      | Reached skill level 11 in Axes
  5914 | D:7      | Found a glowing silver altar of Zin.
  5942 | D:7      | Noticed a skeletal warrior
  5942 | D:7      | Noticed a skeletal warrior
  5942 | D:7      | Noticed a skeletal warrior
  5942 | D:7      | Noticed a skeletal warrior
  5942 | D:7      | Noticed a skeletal warrior
  6153 | D:7      | Found a stormy altar of Qazlal.
  6154 | D:7      | Noticed an air elemental
  6463 | D:7      | Hit by a stone thrown by a skeletal warrior

Skill      XL: |  1  2  3  4  5  6  7  8 |
---------------+-------------------------+-----
Fighting       | 4 5 6 |  6.8
Axes           | 4 5 6 7 8 9 11 | 11.6
Stealth        | 1 |  1.0
Armour         | 3 4 |  4.6
Dodging        | 3 |  3.6
Unarmed Combat | |  0.1

Action                   |  1- 3 |  4- 6 |  7- 9 || total
-------------------------+-------+-------+-------++-------
Melee: Hand axe          |    85 |   138 |   195 ||   418
       Headbutt          |    13 |    18 |    35 ||    66
       Unarmed           |       |     4 |       ||     4
Invok: Berserk           |     1 |     1 |     4 ||     6
       Brothers in Arms  |       |       |     1 ||     1
Evoke: Wand              |       |       |     2 ||     2
  Use: Scroll            |       |       |     6 ||     6
 Stab: Sleeping          |     2 |     1 |     1 ||     4
       Distracted        |       |       |     1 ||     1
  Eat: Chunk             |     2 |     7 |     4 ||    13
       Ration            |       |       |     4 ||     4
Armor: Animal skin       |    11 |    11 |    10 ||    32
       Leather armour    |       |       |     9 ||     9
Dodge: Dodged            |    48 |    84 |    76 ||   208
